 Dungeon Crawl Stone Soup version 0.24-a0-769-g368c164 (webtiles) character file.

Game seed: 11176537819759618032, levelgen mode: deterministic

48 Bloodrosh the Skirmisher (level 3, -1/33 HPs)
             Began as a Hill Orc Fighter on Oct 6, 2019.
             Slain by a hobgoblin
             ... wielding a +0 club
             ... led by Robin
              (6 damage)
             ... on level 2 of the Dungeon.
             The game lasted 00:03:57 (1037 turns).

Bloodrosh the Skirmisher (Hill Orc Fighter)         Turns: 1037, Time: 00:03:58

Health: -1/33      AC:  6    Str: 24    XL:     3   Next: 72%
Magic:  3/3        EV:  7    Int:  8    God:
Gold:   40         SH:  9    Dex: 10    Spells: 2/2 levels left

rFire    . . .     SeeInvis .   a - +0 war axe
rCold    . . .     Gourm    .   c - +0 shield
rNeg     . . .     Faith    .   b - +0 scale mail
rPois    .         Spirit   .   (no helmet)
rElec    .         Reflect  .   (no cloak)
rCorr    .         Harm     .   (no gloves)
MR       .....                  (no boots)
Stlth    ..........             (no amulet)
HPRegen  0.11/turn              (no ring)
MPRegen  0.08/turn              (no ring)

@: mighty, heavily drained
A: no striking features
a: no special abilities


You were on level 2 of the Dungeon.
You were hungry.

You visited 1 branch of the dungeon, and saw 2 of its levels.

You collected 40 gold pieces.

Inventory:

Hand Weapons
 a - a +0 war axe (weapon)
 i - a +0 hunting sling
Missiles
 l - 12 stones (quivered)
Armour
 b - a +0 scale mail (worn)
 c - a +0 shield (worn)
Scrolls
 e - 2 scrolls of identify {unknown}
 g - 2 scrolls of immolation {unknown}
 j - a scroll of noise {unknown}
 k - 3 scrolls of teleportation {unknown}
Potions
 d - 2 potions of might
 h - 2 potions of curing {unknown}
 m - a potion of mutation {unknown}
Comestibles
 f - 3 rations


   Skills:
 + Level 4.1(2.8) Fighting
 * Level 3.9(2.6) Axes
 + Level 3.6(2.4) Armour
 + Level 3.7(2.4) Shields


You had 2 spell levels left.
You didn't know any spells.
Your spell library was empty.

Dungeon Overview and Level Annotations

Branches:
Dungeon (2/15)

Altars:

Annotations:
D:2 Robin


Message History

Robin roars a battlecry!
The hobgoblins go into a battle-frenzy!
The hobgoblin hits you with a +0 club.
* * * LOW HITPOINT WARNING * * *
You slash the hobgoblin!
You kill the hobgoblin!
You block Robin's attack.
The goblin unwields a +0 club.
The goblin wields a cursed +0 hunting sling.
The goblin shoots a stone.
The stone hits you.
* * * LOW HITPOINT WARNING * * *
Robin hits you but does no damage.
You slash the hobgoblin!
You kill the hobgoblin!
Robin hits you but does no damage.
The hobgoblin hits you but does no damage.
Your shield prevents you from hitting the hobgoblin.
Robin hits you from afar with a cursed -1 spear.
* * * LOW HITPOINT WARNING * * *
The hobgoblin hits you with a +0 club.
You die...

......†##...# #
..........#.###.# .#
......###.......###.#
.....<.........##...#
######.######........
#.....## ###.... .
###....####.>.####...
###.....#g##.....#
##.....gg@)#
#####(g####
.gg((((........
.#####.......#.
#...#..... ########.#
#


You could see Robin, 2 hobgoblins and a goblin.

Vanquished Creatures
  An adder (D:2)
  An ooze (D:1)
  3 dart slugs (D:1)
  A leopard gecko (D:1)
  3 bats (D:1)
  2 giant cockroaches
  7 goblins
  4 hobgoblins
  2 ball pythons (D:1)
  2 rats (D:1)
26 creatures vanquished.

Notes
Turn   | Place    | Note
-------+----------+-------------------------------------------
     0 | D:1      | Bloodrosh the Hill Orc Fighter began the quest for the Orb.
     0 | D:1      | Reached XP level 1. HP: 19/19 MP: 1/1
    68 | D:1      | Reached XP level 2. HP: 9/27 MP: 2/2
   839 | D:1      | Reached XP level 3. HP: 29/33 MP: 3/3
   914 | D:1      | Reached skill level 4 in Fighting
  1013 | D:2      | Noticed Robin
  1037 | D:2      | Slain by a hobgoblin

Levels and vault maps discovered:
D:1:      onia_arrival_handbag, layout_loops_cross, minmay_tetromino_l2
D:2:      minmay_diamond_boxcup, layout_rooms, lemuel_coloured_pillars_altar,
          overflow_temple_1_default, uniq_robin

Skill      XL: |  1  2  3 |
---------------+----------+-----
Axes           | 3 |  3.9
Fighting       | 4 |  4.1
Armour         | |  3.6
Shields        | |  3.7

Action                   || total
-------------------------++-------
Melee: War axe           ||    72
       Hunting sling     ||     1
 Fire: Hunting sling     ||    15
  Use: Potion            ||     1
Armor: Scale mail        ||    37
Dodge: Dodged            ||    26
Block: Shield            ||    26

Table legend:
 A = Non-vault XP
 B = Vault XP
 C = Vault XP percentage of total XP
 D = Non-vault monster count
 E = Vault monster count
 F = Vault count percentage of total count
                 A         B        C        D         E       F
            +---------+---------+-------+---------+---------+-------
      Total |      44 |      25 |  36.2 |      13 |      13 |  50.0
            +---------+---------+-------+---------+---------+-------
        D:1 |      28 |      13 |  31.7 |      11 |       6 |  35.3
        D:2 |      16 |      12 |  42.9 |       2 |       7 |  77.8
            +---------+---------+-------+---------+---------+-------
